 Dungeon Crawl Stone Soup version 0.31-a0-180-g519b7de00c (webtiles) character file.

Game seed: 1618840967385819842

10526 AvylaarBelgium the Eclecticist (level 11, 0/54 HPs)
             Began as a Deep Elf Conjurer on June 20, 2023.
             Was an Elder of Vehumet.
             Killed from afar by a frost giant (11 damage)
             ... with a bolt of cold
             ... in an ice cave.
             The game lasted 00:57:05 (9596 turns).

AvylaarBelgium the Eclecticist (Deep Elf Conjurer)  Turns: 9596, Time: 00:57:06

Health: 0/54       AC: 12    Str:  3    XL:     11   Next: 37%
Magic:  2/32       EV: 12    Int: 27    God:    Vehumet [****..]
Gold:   931        SH:  0    Dex: 14    Spells: 15/41 levels left

rFire   . . .        a - +5 dire flail (freeze)
rCold   . . .        (shield currently unavailable)
rNeg    + . .        n - +0 robe {rC+}
rPois   +            i - +0 hat
rElec   .            u - +2 ratskin cloak {*Rats rPois rN+ Str-1 Int-1 Dex+1}
rCorr   +            (no gloves)
SInv    +            H - +2 pair of boots of the Tundras {rCorr}
Will    +....        (no amulet)
Stlth   ++           f - +4 ring of protection
HPRegen 0.29/turn    r - ring of see invisible
MPRegen 0.23/turn

%: no passive effects
@: no status effects
A: cold vulnerability 1
a: Renounce Religion


You were in an ice cave.
You worshipped Vehumet.
Vehumet was greatly pleased with you.
You visited 3 branches of the dungeon, and saw 11 of its levels.
You also visited: Ossuary and Ice Cave.

You collected 931 gold pieces.

Inventory:

Hand Weapons
 a - a +5 dire flail of freezing (weapon)
 h - a +0 short sword of flaming
 o - a +2 quarterstaff of chaos
 q - a +1 mace of protection
 B - the +0 halberd of the Flying Jester {drain, Dex+4}
   (You found it in an ice cave)

   Dex:       It affects your dexterity (+4).
 D - the +8 mace "Ynelif" {antimagic, Str+3}
   (You found it on level 7 of the Dungeon)

   Str:       It affects your strength (+3).
Armour
 i - a +0 hat (worn)
 n - a +0 robe of cold resistance (worn)
 p - a +2 cloak
 u - the +2 ratskin cloak (worn) {*Rats rPois rN+ Str-1 Int-1 Dex+1}
   (You found it on level 5 of the Dungeon)

   *Rats:     When the wearer is hurt, rats may emerge from it to assist them.
   Str:       It affects your strength (-1).
   Int:       It affects your intelligence (-1).
   Dex:       It affects your dexterity (+1).
   rPois:     It protects you from poison.
   rN:        It protects you from negative energy.
 H - the +2 pair of boots of the Tundras (worn) {rCorr}
   (You found it on level 9 of the Dungeon)

   rCorr:     It protects you from acid and corrosion.
 I - a +0 buckler
 J - a +0 helmet
Jewellery
 f - a +4 ring of protection (left hand)
 r - a ring of see invisible (right hand)
Wands
 j - a wand of flame (30)
 E - a wand of paralysis (6)
Scrolls
 b - 4 scrolls of teleportation {unknown}
 e - 2 scrolls of vulnerability
 k - 4 scrolls of enchant armour
 s - 2 scrolls of fog
 C - 9 scrolls of noise
 G - a scroll of torment {unknown}
Potions
 c - a potion of cancellation {unknown}
 d - 2 potions of curing
 l - 3 potions of mutation
 t - a potion of attraction {unknown}
 v - a potion of brilliance {unknown}
 w - a potion of invisibility {unknown}
 z - 3 potions of haste {unknown}
 A - 2 potions of might {unknown}
 F - a potion of lignification {unknown}


   Skills:
 * Level 2.4 Dodging
 - Level 2.4 Stealth
 + Level 15.9 Spellcasting
 - Level 14.0 Conjurations
 - Level 5.3 Fire Magic
 * Level 0.0 Earth Magic


You had 15 spell levels left.
You knew the following spells:

 Your Spells              Type           Power      Damage    Failure   Level
a - Magic Dart            Conj           100%       1d8       0%          1
b - Searing Ray           Conj           100%       2d8       0%          2
c - Dazzling Flash        Conj/Hex       100%       N/A       1%          3
d - Fulminant Prism       Conj/Hex       28%        3d14      1%          4
e - Iskenderun's Mystic   Conj/Tloc      56%        2d12      1%          4
g - Ignite Poison         Fire/Tmut/Pois 31%        N/A       1%          3
h - Airstrike             Air            10%        2d(2-18)  7%          4
i - Lee's Rapid Deconstr  Erth           10%        3d8*      17%         5

Your spell library contained the following spells:

 Spells                   Type           Power      Damage    Failure   Level
 Foxfire                  Conj/Fire      100%       2x1d9     1%          1
 Inner Flame              Hex/Fire       35%        N/A       1%          3
 Volatile Blastmotes      Fire/Tloc      70%        2d15      1%          3
 Yara's Violent Unravell  Hex/Tmut       10%        3d6       17%         5
 Cause Fear               Hex            10%        N/A       24%         4
 Dragon Form              Tmut           10%        N/A       100%        7
 Enfeeble                 Hex            10%        N/A       100%        7
 Borgnjor's Revivificati  Necr           10%        N/A       100%        8
 Necromutation            Tmut/Necr      10%        N/A       100%        8
 Death's Door             Necr           10%        N/A       100%        9
 Dragon's Call            Summ           10%        N/A       100%        9


Dungeon Overview and Level Annotations

Branches:
Dungeon (9/15)             Temple (1/1) D:4             Orc (1/2) D:9
Ossuary (visited)           IceCv (1/1)
   Lair: D:8-11

Altars:
Dithmenos
Elyvilon
Gozag
Hepliaklqana
Kikubaaqudgha
Okawaru
Uskayaw
Vehumet
Wu Jian
Xom
Yredelemnul
The Shining One

Shops:
D:4 :

Annotations:
D:4 exclusion: 2 downstairs
D:7 exclusion: downstairs
D:8 exclusion: downstairs


Innate Abilities, Weirdness & Mutations

You are vulnerable to cold. (rC-)


Message History

Confirm with . or Enter, or press ? or * to list all spells.
Aiming: Fulminant Prism (safe; 1% risk of failure)
Press: ? - help, Dir - move target You conjure a prism of explosive energy!
A fulminant prism comes into view.
Something hits your polar bear!!! Something freezes your polar bear.
Something hits your fulminant prism!! Something freezes your fulminant prism.
Your fulminant prism detonates feebly.
A polar bear comes into view.
Your yak gores the frost giant but does no damage.
Your yak gores the frost giant!
Okay, then.
Unknown command.
Okay, then.
Press: ? - help, v - describe, . - travel
Here: a frost giant, wielding a +5 battleaxe of freezing (heavily wounded, ally target)
The floor.
As you read the scroll labelled WIOBBAREST, it crumbles to dust.
It is a scroll of enchant weapon.
Your +4 dire flail of freezing glows red for a moment.
The frost giant casts a spell at you. The bolt of cold hits your yak!!!
Your yak dies!
Your yak's corpse dissolves into shadows!
The bolt of cold misses you.
Your polar bear bites the frost giant!
Your polar bear barely misses the frost giant. x2
Your yak gores the frost giant!
Your yak gores the frost giant but does no damage.
Unknown command.
Casting: Fulminant Prism (safe; 1% risk of failure)
Confirm with . or Enter, or press ? or * to list all spells.
Aiming: Searing Ray (safe; 0% risk of failure)
Press: ? - help, Shift-Dir - straight line, f - frost giant
Aim: a frost giant, wielding a +5 battleaxe of freezing (severely wounded, ally target, 98% to hit)
The searing ray hits the frost giant!
The frost giant is almost dead. (Press . to maintain the ray.)
The frost giant gestures at you while chanting.
The bolt of cold hits you!
You die...

##...# #..## ########
##.##
##...)#.####..#####
##...#....##..##.#.#
#..####..##..##.#.##
#.†###..##....#..#.#
##...##..###..#.##.##
##.⌠.##...####@.#####
# #...####...####†.##
#####.#.####...##.YY#
..##.#.## ##...##Ch#
##....## ##......#
###### ###...## #####


You could see a frost giant (ally target), a friendly polar bear (summoned) and
2 friendly yaks.

Vanquished Creatures
  2 death yaks (IceCv)
  An orc knight (Orc:1)
  A cyclops (D:8)
  Maurice (D:8)
  Maggie (D:6)
  4 polar bears (IceCv)
  Prince Ribbit (D:5)
  A wraith (D:9)
  7 yaks (IceCv)
  A wyvern (D:8)
  A steam dragon (D:9)
  2 wargs (Orc:1)
  Menkaure (D:5)
  10 orc warriors
  2 sky beasts
  3 ogres
  9 wolves (IceCv)
  A kobold brigand (D:6)
  Blork the orc (D:6)
  5 bullfrogs
  2 gnoll sergeants
  A scorpion (D:5)
  12 wights
  2 centaur zombies (Ossuary)
  A human zombie (Ossuary)
  2 hounds
  8 orc priests
  Crazy Yiuf (D:6)
  2 gnoll boudas
  An iguana (D:4)
  5 hell rats (D:5)
  8 orc wizards
  3 sleepcaps
  7 mummies
  18 gnolls
  10 adders
  18 river rats (D:5)
  4 shadow imps (D:7)
  2 white imps
  4 worms
  9 dart slugs
  55 orcs
  4 bats
  12 endoplasms
  4 giant cockroaches
  9 goblins
  5 hobgoblins
  5 quokkas
  7 ball pythons
  5 frilled lizards
  A gnoll zombie (Ossuary)
  2 goblin zombies (Ossuary)
  2 hobgoblin zombies (Ossuary)
  12 kobolds
  2 orc zombies (D:7)
  3 rats
303 creatures vanquished.

Vanquished Creatures (collateral kills)
  A polar bear (IceCv)
1 creature vanquished.

Vanquished Creatures (others)
  A foxfire (D:8)
  115 fulminant prisms
116 creatures vanquished.

Grand Total: 420 creatures vanquished

Notes
Turn   | Place    | Note
-------+----------+-------------------------------------------
     0 | D:1      | AvylaarBelgium the Deep Elf Conjurer began the quest for
                  | the Orb.
     0 | D:1      | Reached XP level 1. HP: 10/10 MP: 6/6
   123 | D:1      | Reached XP level 2. HP: 10/15 MP: 4/8
   468 | D:1      | Reached skill level 4 in Spellcasting
   496 | D:1      | Reached XP level 3. HP: 2/19 MP: 0/10
   593 | D:1      | Reached skill level 5 in Conjurations
   704 | D:2      | Learned a level 2 spell: Searing Ray
   822 | D:2      | Reached XP level 4. HP: 24/24 MP: 7/12
   896 | D:2      | Found a basalt altar of Yredelemnul.
  1193 | D:3      | Reached skill level 5 in Spellcasting
  1359 | D:3      | Found a faded altar of an unknown god.
  1437 | D:3      | Reached XP level 5. HP: 28/28 MP: 0/15
  2097 | D:3      | Gained mutation: You are vulnerable to cold. (rC-) [potion
                  | of mutation]
  2112 | D:3      | Reached skill level 6 in Spellcasting
  2115 | D:3      | Reached XP level 6. HP: 11/32 MP: 5/17
  2124 | D:3      | Learned a level 3 spell: Dazzling Flash
  2129 | D:3      | Learned a level 4 spell: Fulminant Prism
  2134 | D:3      | Learned a level 4 spell: Iskenderun's Mystic Blast
  2227 | D:4      | Found a staircase to the Ecumenical Temple.
  2240 | Temple   | Entered the Ecumenical Temple
  2258 | Temple   | Became a worshipper of Vehumet
  2714 | D:4      | Found Gits's Vocational Training.
  2787 | D:4      | Reached skill level 7 in Spellcasting
  2788 | D:4      | Reached * piety under Vehumet
  2788 | D:4      | Offered knowledge of Foxfire by Vehumet.
  2791 | D:4      | Learned a level 1 spell: Foxfire
  2900 | D:4      | Found an ancient bone altar of Kikubaaqudgha.
  2900 | D:4      | Found an ornate altar of the Wu Jian Council.
  3040 | D:5      | Entered Level 5 of the Dungeon
  3040 | D:5      | Noticed Prince Ribbit
  3066 | D:5      | Reached skill level 1 in Fire Magic
  3070 | D:5      | Reached XP level 7. HP: 8/36 MP: 2/19
  3264 | D:5      | Killed Prince Ribbit
  3265 | D:5      | Reached skill level 8 in Spellcasting
  3275 | D:5      | Noticed Menkaure
  3284 | D:5      | Killed Menkaure
  3631 | D:5      | Reached XP level 8. HP: 41/41 MP: 14/22
  3663 | D:5      | Found Weteleykh's Jewellery Emporium.
  4101 | D:5      | Reached skill level 9 in Spellcasting
  4202 | D:5      | Reached ** piety under Vehumet
  4202 | D:5      | Offered knowledge of Static Discharge by Vehumet.
  4311 | D:5      | Found the +2 ratskin cloak {*Rats rPois rN+ Str-1 Int-1
                  | Dex+1}
  4448 | D:6      | Noticed Maggie
  4720 | D:6      | Killed Maggie
  4721 | D:6      | Reached skill level 5 in Fire Magic
  4847 | D:6      | Noticed Blork the orc
  4857 | D:6      | Killed Blork the orc
  4858 | D:6      | Reached skill level 10 in Spellcasting
  4992 | D:6      | Reached XP level 9. HP: 45/45 MP: 13/25
  5065 | D:6      | Offered knowledge of Ignite Poison by Vehumet.
  5072 | D:6      | Learned a level 3 spell: Ignite Poison
  5397 | D:6      | Found a runed translucent door.
  5398 | D:6      | Noticed Crazy Yiuf
  5424 | D:6      | Killed Crazy Yiuf
  5500 | D:7      | Reached skill level 11 in Spellcasting
  5500 | D:7      | Reached skill level 10 in Conjurations
  5501 | D:7      | Reached *** piety under Vehumet
  5629 | D:7      | Found a sand-covered staircase.
  5635 | Ossuary  | Entered an ossuary
  6102 | D:7      | Identified the +8 mace "Ynelif" {antimagic, Str+3}
  6453 | D:8      | Noticed a cyclops
  6481 | D:8      | Offered knowledge of Volatile Blastmotes by Vehumet.
  6596 | D:8      | Reached skill level 12 in Spellcasting
  6734 | D:8      | Noticed Maurice
  6759 | D:8      | Killed Maurice
  6907 | D:8      | Killed a cyclops
  6908 | D:8      | Reached XP level 10. HP: 45/50 MP: 23/28
  7487 | D:8      | Found a shadowy altar of Dithmenos.
  7496 | D:8      | Reached skill level 13 in Spellcasting
  7744 | D:9      | Identified the +2 pair of boots of the Tundras {rCorr}
  7825 | D:9      | Reached **** piety under Vehumet
  8275 | D:9      | Found a staircase to the Orcish Mines.
  8283 | Orc:1    | Entered Level 1 of the Orcish Mines
  8286 | Orc:1    | Offered knowledge of Airstrike by Vehumet.
  8305 | Orc:1    | Learned a level 4 spell: Airstrike
  8474 | Orc:1    | Reached skill level 14 in Spellcasting
  8524 | Orc:1    | Found a frozen archway.
  8530 | Orc:1    | Noticed an orc knight
  8539 | Orc:1    | Killed an orc knight
  8641 | IceCv    | Entered an ice cave
  8836 | IceCv    | Reached skill level 15 in Spellcasting
  8836 | IceCv    | Reached XP level 11. HP: 36/54 MP: 0/32
  9117 | IceCv    | Noticed a death yak
  9118 | IceCv    | Noticed a death yak
  9150 | IceCv    | Killed a death yak
  9169 | IceCv    | Killed a death yak
  9327 | IceCv    | Identified the +0 halberd of the Flying Jester {drain,
                  | Dex+4}
  9579 | IceCv    | Learned a level 5 spell: Lee's Rapid Deconstruction
  9579 | IceCv    | Noticed a frost giant
  9596 | IceCv    | Killed from afar by a frost giant

Illustrated notes

Levels and vault maps discovered:
D:1:      roderic_crossed_star, layout_rooms, serial_forest,
          infiniplex_forest_clump_curved, infiniplex_forest_zigzag_1,
          infiniplex_forest_lined_corner, infiniplex_forest_3_way,
          infiniplex_forest_clump_small, infiniplex_forest_lined_3
D:2:      layout_rooms, basic_altar
D:3:      layout_basic, hellmonk_ecumenical_altar_slurped_away, hex_tiny,
          kennysheep_crisscross
D:4:      layout_cave_pools, nicolae_overflow_two_pavilions,
          minmay_temple_entry_stoned_glass, nicolae_shop_vocational
D:5:      wander_guarded_unrand_ratskin, layout_rooms, serial_shops,
          nicolae_shop_gaudy_bauble, uniq_menkaure, uniq_prince_ribbit1
D:6:      layout_loops_cross, serial_rivers, chequers_serial_rivers_marsh,
          chequers_serial_rivers_micro_e, chequers_serial_rivers_small_b,
          chequers_serial_rivers_room_b, uniq_maggie, uniq_crazy_yiuf_cottage,
          uniq_blork_the_orc
D:7:      layout_rooms, nicolae_ossuary_entry_giza, supply_closet_lemuel
D:8:      layout_basic, nicolae_dithmenos_through_a_glass_darkly, uniq_maurice
D:9:      layout_basic, hiddenorc1_lemuel, chequers_big_river
Temple:   nicolae_temple_bog_church
Orc:1:    layout_diamond_mine, portal_ice_cave_entry_pillars_2
IceCv:    ice_cave_caverns_02

Skill      XL: |  1  2  3  4  5  6  7  8  9 10 11 |
---------------+----------------------------------+-----
Spellcasting   | 4 5 6 7 8 10 12 15 | 15.9
Conjurations   | 5 6 7 8 9 11 13 14 | 14.0
Fire Magic     | 1 3 5 |  5.3
Dodging        | |  2.4
Stealth        | |  2.4

Action                     |  1- 3 |  4- 6 |  7- 9 | 10-12 || total
---------------------------+-------+-------+-------+-------++-------
  Melee: Whip              |     2 |       |       |       ||     2
         Short sword       |     5 |     1 |       |       ||     6
         Punch             |     1 |       |       |       ||     1
         Mace              |       |       |     7 |       ||     7
         Dire flail        |       |       |     6 |    19 ||    25
   Cast: Magic Dart        |    59 |   132 |    79 |    28 ||   298
         Searing Ray       |       |     8 |    50 |    17 ||    75
         Fulminant Prism   |       |     3 |    41 |    71 ||   115
         Iskenderun's Myst |       |       |    22 |    33 ||    55
         Dazzling Flash    |       |       |     5 |       ||     5
         Foxfire           |       |       |     1 |       ||     1
  Evoke: Wand              |       |       |     1 |    13 ||    14
    Use: Potion            |       |     3 |     4 |     3 ||    10
         Scroll            |       |       |     8 |     3 ||    11
   Stab: Sleeping          |     1 |       |       |       ||     1
 Armour: Robe              |     3 |     8 |    32 |    30 ||    73
  Dodge: Dodged            |    16 |    13 |    50 |    40 ||   119

Table legend: (Time is in decaauts)
 A = Elapsed time spent in this place.
 B = Non-inter-level travel time spent in this place.
 C = Inter-level travel time spent in this place.
 D = Time resting spent in this place.
 E = Time spent auto-exploring this place.
 F = Levels seen in this place.
 G = Mean time per level.
                   A        B        C        D        E       F      G
               +--------+--------+--------+--------+--------+-----+--------+
         Total |   9625 |   9312 |    313 |   2056 |   4451 |  13 |  740.4 |
       Dungeon |   7904 |   7591 |    313 |   1480 |   4069 |   9 |  878.2 |
        Temple |     27 |     27 |      0 |      0 |      8 |   1 |   27.0 |
  Orcish Mines |    357 |    357 |      0 |     20 |    172 |   1 |  357.0 |
       Ossuary |    378 |    378 |      0 |     96 |    137 |   1 |  378.0 |
      Ice Cave |    956 |    956 |      0 |    460 |     65 |   1 |  956.0 |
               +--------+--------+--------+--------+--------+-----+--------+

Top non-repeatable levels by time:
     D:5: 1158 daAuts
     D:8: 1151 daAuts
     D:4: 1099 daAuts
     D:3: 1037 daAuts
     D:6: 965 daAuts
   IceCv: 956 daAuts
     D:7: 788 daAuts
     D:1: 690 daAuts
     D:9: 515 daAuts
     D:2: 497 daAuts
 Ossuary: 378 daAuts
   Orc:1: 357 daAuts
  Temple: 27 daAuts
